 Dungeon Crawl Stone Soup version 0.28-a0-1404-g4df0f3684d (webtiles) character file.

Game seed: 10905559984456906390

936 HallandMoats the Shield-Bearer (level 8, -11/62 HPs)
             Began as a Formicid Fighter on Jan 6, 2022.
             Was an Initiate of Yredelemnul.
             Mangled by a two-headed ogre (17 damage)
             ... on level 5 of the Dungeon.
             The game lasted 00:07:44 (4675 turns).

HallandMoats the Shield-Bearer (Formicid Fighter)   Turns: 4675, Time: 00:07:45

Health: -11/62     AC:  6    Str: 21    XL:     8   Next: 33%
Magic:  11/11      EV: 11    Int:  8    God:    Yredelemnul [......]
Gold:   244        SH: 10    Dex: 12    Spells: 7/7 levels left

rFire   + . .      SeeInvis +   a - +0 war axe (venom)
rCold   + . .      Faith    .   p - +1 kite shield {rC+ rF+}
rNeg    . . .      Spirit   .   k - +0 leather armour "Waanaj" {rElec Regen+}
rPois   .          Reflect  .   (helmet unavailable)
rElec   +          Harm     .   (no cloak)
rCorr   .          Rampage  .   i - +2 pair of gloves
Will    .....                   (no boots)
Stlth   +.........              (no amulet)
HPRegen 1.00/turn               g - ring of flight
MPRegen 0.12/turn               (no ring)

@: flying
A: permanent stasis, dig shafts and tunnels, antennae 3, four strong arms
a: Dig, Shaft Self, Renounce Religion, Recall Undead Harvest


You were on level 5 of the Dungeon.
You worshipped Yredelemnul.
Yredelemnul was noncommittal.
You visited 1 branch of the dungeon, and saw 5 of its levels.

You collected 244 gold pieces.

Inventory:

Hand Weapons
 a - a +0 war axe of venom (weapon)
 b - a +0 trident of protection
Armour
 c - a +1 buckler
 d - a +0 scale mail
 i - a +2 pair of gloves (worn)
 k - the +0 leather armour "Waanaj" (worn) {rElec Regen+}
   (You found it on level 4 of the Dungeon)

   rElec:     It insulates you from electricity.
   Regen:     It increases your rate of health regeneration.
 p - a +1 kite shield of resistance (worn)
Jewellery
 g - a ring of flight (left hand)
 h - a ring of ice
Scrolls
 f - a scroll of fog {unknown}
 l - a scroll of blinking {unknown}
 s - a scroll of brand weapon {unknown}
Potions
 e - a potion of invisibility {unknown}
 j - a potion of heal wounds {unknown}
 m - 2 potions of berserk rage {unknown}
 n - a potion of haste {unknown}
 q - 2 potions of brilliance {unknown}
 r - a potion of attraction {unknown}


   Skills:
 + Level 5.2 Fighting
 + Level 4.1 Axes
 + Level 5.1 Armour
 + Level 3.0 Dodging
 + Level 5.7 Shields
 + Level 4.1 Invocations


You had 7 spell levels left.
You didn't know any spells.
Your spell library contained the following spells:

 Spells                   Type           Power      Damage    Failure   Level
 Gell's Gravitas          Tloc           0%         N/A       97%         3
 Ignite Poison            Fire/Tmut/Pois 0%         N/A       97%         3
 Lesser Beckoning         Tloc           0%         N/A       97%         3
 Mephitic Cloud           Conj/Pois/Air  0%         N/A       97%         3
 Teleport Other           Tloc           0%         N/A       97%         3
 Freezing Cloud           Conj/Ice/Air   0%         6-21      100%        5


Dungeon Overview and Level Annotations

Branches:
Dungeon (5/15)
 Temple: D:4-7

Altars:
Ashenzari
Yredelemnul

Shops:
D:5 =

Annotations:
D:5 a11behringer's ghost, novice MiFi


Innate Abilities, Weirdness & Mutations

You cannot be hasted, slowed, berserked, paralysed or teleported.
You can dig through walls and to a lower floor.
You have a pair of large antennae on your head. (SInv)
Your four strong arms can wield two-handed weapons with a shield.


Message History

Your scorpion zombie is destroyed!
The orc hits your sky beast zombie with a +0 club.
Your sky beast zombie hits the orc.
Your +0 trident of protection goes still.
Your +0 war axe of venom begins to drip with poison!
a - a +0 war axe of venom (weapon)
The scorpion barely misses your sky beast zombie.
Okay, then.
As you read the scroll labelled JULOCO SAEFAE, it crumbles to dust.
You hear a loud clanging noise!
It was a scroll of noise.
The orc hits your sky beast zombie with a +0 club.
Your sky beast zombie hits the orc.
The orc dies!
You slash the two-headed ogre!
The two-headed ogre is poisoned.
The two-headed ogre is moderately wounded.
You block the two-headed ogre's attack.
The two-headed ogre hits you with a +0 giant spiked club!!
Your sky beast zombie hits the two-headed ogre.
Something barely misses your sky beast zombie.
You slash the two-headed ogre!
The two-headed ogre looks as sick as possible!
The two-headed ogre is severely wounded.
The two-headed ogre closely misses you. You block the two-headed ogre's attack.
Your sky beast zombie completely misses the two-headed ogre.
Something hits your sky beast zombie!
You slash the two-headed ogre!
The two-headed ogre looks as sick as possible!
The two-headed ogre is almost dead.
The two-headed ogre hits you with a +0 giant club!
The two-headed ogre hits you with a +0 giant spiked club.
Something hits your sky beast zombie!!
Your sky beast zombie hits something.
You hit the two-headed ogre.
The two-headed ogre looks as sick as possible!
The two-headed ogre is almost dead.
The two-headed ogre hits you with a +0 giant club!!
* * * LOW HITPOINT WARNING * * *
The two-headed ogre hits you with a +0 giant spiked club!
You die...
Your body rises from the dead as a mindless zombie.

#..........................
#..........................
#...........)..............
###..........................
#8.8.8................>......
#.⌠.⌠....####................
#8.∩.8#...###.#..............
#.⌠.⌠...#.##..##.....#.....#.
#8.8.8..#.##@###...#.##......
#######....#O#...###.........
###.{Zs..#.###........>
#.)................>.
##....................
##.))#########.........
#(...#W......#.........
#....#..###..#.........
#....'..###$.#.........


You could see a two-headed ogre (extremely poisoned), a scorpion and a friendly
sky beast zombie.

Vanquished Creatures
  An ogre (D:5)
  A kobold brigand (D:3)
  A gnoll sergeant (D:5)
  A bullfrog (D:5)
  A scorpion (D:5)
  A hound (D:4)
  3 iguanas (D:4)
  3 orc wizards
  A scorpion zombie (D:5)
  2 hound skeletons (D:4)
  3 gnolls
  4 adders
  A white imp (D:4)
  A worm (D:2)
  2 dart slugs
  8 orcs
  11 ball pythons
  3 endoplasms
  2 giant cockroaches
  5 goblins
  13 hobgoblins
  3 jackals (D:1)
  5 quokkas
  5 bats
  4 frilled lizards
  12 kobolds
  4 rats
101 creatures vanquished.

Vanquished Creatures (collateral kills)
  A sky beast (D:5)
  A scorpion (D:4)
  An orc priest (D:4)
  3 orcs
  2 goblins (D:4)
  A hobgoblin (D:3)
  2 ball pythons
  A rat (D:2)
12 creatures vanquished.

Vanquished Creatures (others)
  A scorpion zombie (D:5)
  An adder zombie (D:5)
  A ball python zombie (D:3)
  A dart slug zombie (D:4)
  A frilled lizard zombie (D:3)
  A gnoll zombie (D:5)
  A goblin zombie (D:4)
  2 hobgoblin zombies (D:3)
  3 kobold zombies (D:3)
  3 orc zombies
  A quokka zombie (D:3)
16 creatures vanquished.

Grand Total: 129 creatures vanquished

Notes
Turn   | Place    | Note
-------+----------+-------------------------------------------
     0 | D:1      | HallandMoats the Formicid Fighter began the quest for the
                  | Orb.
     0 | D:1      | Reached XP level 1. HP: 18/18 MP: 1/1
   156 | D:1      | Reached XP level 2. HP: 24/24 MP: 2/2
   726 | D:1      | Reached skill level 1 in Invocations
   860 | D:1      | Reached XP level 3. HP: 24/29 MP: 3/3
  1721 | D:2      | Reached XP level 4. HP: 36/36 MP: 4/4
  1769 | D:2      | Found a faded altar of an unknown god.
  1877 | D:2      | Prayed at the altar of an unknown god.
  1877 | D:2      | Became a worshipper of Yredelemnul the Dark
  1877 | D:2      | Reached * piety under Yredelemnul
  1967 | D:2      | Reached skill level 1 in Dodging
  2344 | D:3      | Noticed a kobold brigand
  2364 | D:3      | Killed a kobold brigand
  2365 | D:3      | Reached XP level 5. HP: 14/42 MP: 6/6
  3337 | D:4      | Identified the +0 leather armour "Waanaj" {rElec Regen+}
  3458 | D:4      | Reached XP level 6. HP: 48/48 MP: 7/7
  3536 | D:4      | Reached ** piety under Yredelemnul
  3632 | D:4      | Reached XP level 7. HP: 22/55 MP: 9/9
  3633 | D:4      | Reached skill level 5 in Shields
  3797 | D:5      | Entered Level 5 of the Dungeon
  4161 | D:5      | Noticed a two-headed ogre
  4162 | D:5      | Noticed a11behringer's ghost (novice MiFi)
  4246 | D:5      | Found a runed translucent gate.
  4246 | D:5      | Found a runed translucent gate.
  4247 | D:5      | Found a runed translucent gate.
  4278 | D:5      | Reached XP level 8. HP: 52/61 MP: 10/10
  4280 | D:5      | Found Lyituil's Jewellery Shoppe.
  4352 | D:5      | Found a broken altar of Ashenzari.
  4378 | D:5      | Reached skill level 5 in Fighting
  4477 | D:5      | Reached skill level 5 in Armour
  4675 | D:5      | Mangled by a two-headed ogre

Illustrated notes

Levels and vault maps discovered:
D:1:      dpeg_arrival_erosion, layout_loops_ring
D:2:      layout_basic, hellmonk_ecumenical_altar_pennies_from_heaven
D:3:      cheibrodos_thug_alley, layout_basic, glass_columns_c
D:4:      layout_rooms
D:5:      layout_rooms, mainiacjoe_overflow_alcove_1, gammafunk_ghost_split,
          serial_shops, nicolae_shop_temple_entry_statues_fountains

Skill      XL: |  1  2  3  4  5  6  7  8 |
---------------+-------------------------+-----
Invocations    | 1 2 3 4 |  4.1
Shields        | 4 5 |  5.7
Dodging        | 1 2 3 |  3.0
Fighting       | 4 5 |  5.2
Axes           | 3 4 |  4.1
Armour         | 4 5 |  5.1

Action                   |  1- 3 |  4- 6 |  7- 9 || total
-------------------------+-------+-------+-------++-------
Melee: War axe           |    89 |   126 |    99 ||   314
       Trident           |       |       |    18 ||    18
  Use: Potion            |     2 |       |     1 ||     3
       Scroll            |     2 |       |     1 ||     3
 Stab: Distracted        |       |       |     1 ||     1
Armor: Scale mail        |    48 |    37 |       ||    85
       Leather armour    |       |    19 |    28 ||    47
Dodge: Dodged            |    49 |    61 |    60 ||   170
Block: Buckler           |    22 |    56 |    19 ||    97
       Kite shield       |       |       |    30 ||    30

Table legend: (Time is in decaauts)
 A = Elapsed time spent in this place.
 B = Non-inter-level travel time spent in this place.
 C = Inter-level travel time spent in this place.
 D = Time resting spent in this place.
 E = Time spent auto-exploring this place.
 F = Levels seen in this place.
 G = Mean time per level.
                   A        B        C        D        E       F      G
               +--------+--------+--------+--------+--------+-----+--------+
         Total |   4819 |   4666 |    153 |    539 |   3090 |   5 |  963.8 |
       Dungeon |   4819 |   4666 |    153 |    539 |   3090 |   5 |  963.8 |
               +--------+--------+--------+--------+--------+-----+--------+

Top non-repeatable levels by time:
     D:3: 1203 daAuts
     D:2: 1142 daAuts
     D:1: 1031 daAuts
     D:4: 760 daAuts
     D:5: 682 daAuts
